 Dungeon Crawl Stone Soup version 0.29-a0-468-ge57f7f99b4 (webtiles) character file.

Game seed: 1541500881687089695

4 rabbitsville the Magician (level 1, 9/9 HPs)
             Began as a Spriggan Hedge Wizard on May 18, 2022.
             Quit the game on level 2 of the Dungeon on May 21, 2022.
             The game lasted 00:03:33 (508 turns).

rabbitsville the Magician (Spriggan Hedge Wizard)    Turns: 508, Time: 00:03:34

Health: 9/9        AC:  2    Str:  6    XL:     1   Next: 50%
Magic:  6/6        EV: 17    Int: 15    God:
Gold:   0          SH:  0    Dex: 14    Spells: 7/8 levels left

rFire   . . .      SeeInvis +   a - +0 dagger
rCold   . . .      Faith    .   (no shield)
rNeg    . . .      Spirit   .   b - +0 robe
rPois   .          Reflect  .   c - +0 hat
rElec   .          Harm     .   (no cloak)
rCorr   .          Rampage  .   (gloves unavailable)
Will    .....                   (boots unavailable)
Stlth   ++........              (no amulet)
HPRegen 0.03/turn               (no ring)
MPRegen 0.10/turn               (no ring)

@: very quick
A: very small, no large weapons, unfitting armour, see invisible, speed 3
a: no special abilities


You were on level 2 of the Dungeon.
You visited 1 branch of the dungeon, and saw 2 of its levels.

Inventory:

Hand Weapons
 a - a +0 dagger (weapon)
Armour
 b - a +0 robe (worn)
 c - a +0 hat (worn)
Scrolls
 e - a scroll of poison {unknown}
Potions
 d - a potion of magic


   Skills:
 - Level 2.6 Dodging
 - Level 3.0 Stealth
 + Level 4.1 Spellcasting
 * Level 0.9 Conjurations
 - Level 0.7 Summonings
 + Level 1.8 Translocations


You had 7 spell levels left.
You knew the following spells:

 Your Spells              Type           Power      Damage    Failure   Level
a - Magic Dart            Conj           24%        1d4       12%         1

Your spell library contained the following spells:

 Spells                   Type           Power      Damage    Failure   Level
 Blink                    Tloc           16%        N/A       13%         2
 Slow                     Hex            12%        N/A       19%         1
 Call Imp                 Summ           5%         N/A       21%         2
 Conjure Flame            Conj/Fire      4%         6-21      41%         3
 Mephitic Cloud           Conj/Pois/Air  4%         N/A       43%         3


Dungeon Overview and Level Annotations

Branches:
Dungeon (2/15)

Altars:


Innate Abilities, Weirdness & Mutations

You are very small and have problems with some larger weapons.
You are too small for most types of armour.
You have supernaturally acute eyesight. (SInv)
You cover ground extremely quickly. (Speed+++)


Message History

The kobold is severely wounded.
You miscast Magic Dart.
You are very lightly contaminated with residual magic.
Nothing appears to happen.
The magic dart hits the kobold.
You kill the kobold!
Your magical contamination has completely faded away.
An adder and a giant cockroach come into view.
The magic dart hits the giant cockroach but does no damage.
The magic dart hits the giant cockroach.
The giant cockroach is lightly wounded.
The giant cockroach barely misses you.
You closely miss the giant cockroach.
The giant cockroach is lightly wounded.
The giant cockroach bites you but does no damage.
The magic dart hits the giant cockroach.
The giant cockroach is moderately wounded.
The giant cockroach bites you.
The magic dart hits the giant cockroach.
The giant cockroach is heavily wounded.
The giant cockroach bites you.
The magic dart hits the giant cockroach.
The giant cockroach is severely wounded.
The giant cockroach barely misses you. The giant cockroach closely misses you.
The magic dart hits the giant cockroach but does no damage.
The giant cockroach is heavily wounded.
The giant cockroach bites you but does no damage.
You barely miss the giant cockroach.
The giant cockroach is heavily wounded.
The giant cockroach misses you.
You hit the giant cockroach.
You kill the giant cockroach!
You start resting.
HP restored.
You start resting.
Magic restored.
You see here a +0 scale mail.
Welcome back, rabbitsville the Spriggan Hedge Wizard.
Press ? for a list of commands and other information.
Are you sure you want to abandon this character and quit the game? (Confirm with "yes".)

####...#.###.#
####
.......#.###.#
....
.......#.....#
#...
.......##..#.#
#...
...........######
#...
########......(...
#...
#..##########...
###..#### #..†#.
#@.....<# #.###
###.####### #.#
#...# #.# #.###
#.# #...# #.#
###.# #.# #.# #.#
#.###########.#
#.........[...#


There were no monsters in sight!

Vanquished Creatures
  A giant cockroach (D:2)
  A jackal (D:1)
  A kobold (D:2)
  A rat (D:2)
4 creatures vanquished.

Notes
Turn   | Place    | Note
-------+----------+-------------------------------------------
     0 | D:1      | rabbitsville the Spriggan Hedge Wizard began the quest for
                  | the Orb.
     0 | D:1      | Reached XP level 1. HP: 9/9 MP: 6/6
   500 | D:2      | Upgraded the game from 0.29-a0-422-gafbd6decc1 to
                  | 0.29-a0-468-ge57f7f99b4
   508 | D:2      | Quit the game

Illustrated notes

Levels and vault maps discovered:
D:1:      enne_arrival_octagon_isle, layout_basic, serial_shops,
          nicolae_shop_overgrown_old_shop
D:2:      layout_basic, basic_altar, hellmonk_ecumenical_altar_lost_god

Action                   || total
-------------------------++-------
Melee: Dagger            ||     8
 Cast: Magic Dart        ||    15
Armor: Robe              ||     3
Dodge: Dodged            ||    15

Table legend: (Time is in decaauts)
 A = Elapsed time spent in this place.
 B = Non-inter-level travel time spent in this place.
 C = Inter-level travel time spent in this place.
 D = Time resting spent in this place.
 E = Time spent auto-exploring this place.
 F = Levels seen in this place.
 G = Mean time per level.
                   A        B        C        D        E       F      G
               +--------+--------+--------+--------+--------+-----+--------+
         Total |    435 |    435 |      0 |    251 |     78 |   2 |  217.5 |
       Dungeon |    435 |    435 |      0 |    251 |     78 |   2 |  217.5 |
               +--------+--------+--------+--------+--------+-----+--------+

Top non-repeatable levels by time:
     D:2: 370 daAuts
     D:1: 65 daAuts
